AoeStats
← Dani120588

Black Forest

509226106Analyzed
4v4 RM · 6d ago on Sep 26, 2026· 102m 39s· 8 players
Game mode
Random Map
Map size
Large (8 player)
Population
200
Speed
Normal
Resources
Standard
Victory
Conquest
Starting age
Dark Age
Ending age
Imperial Age
RankedLock teamsTeams togetherTeam positionsShared explorationLock speedFull tech treeHidden civsTurbo modeCheats
Victory
Defeat
🇨🇷 Franks · Costa Rica
745
+11
🇨🇱 Persians · Chile
701
+13
🇧🇷 Chinese · Brazil
678
+14
🇷🇺 Hindustanis · Russia
659
+16
🇳🇿 Turks · New Zealand
746
-17
🇫🇷 Spanish · France
620
-13
🇧🇴 Poles · Bolivia
599
-12
🇦🇷 Romans · Argentina
592
-12
Dani120588
1:12 Loom
12:48 Feudal Age
14:14 Double-Bit Axe
22:17 Castle Age
20:53 Stone Mining
20:55 Gold Mining
23:32 Husbandry
23:39 Scale Barding Armor
23:45 Forging
32:06 Wheelbarrow
34:35 Imperial Age
35:15 Iron Casting
34:42 Scale Mail Armor
35:20 Hand Cart
35:10 Pikeman
35:50 Squires
35:36 Gambesons
35:37 Arson
35:19 Ordonnance Companies
37:02 Bow Saw
36:27 Cavalier
37:29 Chain Barding Armor
36:59 Fletching
38:10 Blast Furnace
37:29 Chain Mail Armor
37:16 Padded Archer Armor
37:06 Halberdier
37:50 Chivalry
38:13 Conscription
37:49 Town Watch
37:53 Paladin
39:42 Chemistry
38:24 Treadmill Crane
39:05 Ballistics
40:03 Plate Barding Armor
39:25 Bodkin Arrow
39:43 Murder Holes
39:59 Siege Engineers
43:30 Masonry
50:50 Onager
55:52 Architecture
63:18 Plate Mail Armor
63:56 Elite Throwing Axeman
70:53 Caravan
71:58 Gold Shaft Mining
76:59 Leather Archer Armor
VET
12:34 Feudal Age
13:00 Double-Bit Axe
13:53 Wheelbarrow
13:01 Horse Collar
13:16 Gold Mining
16:33 Stone Mining
21:05 Castle Age
22:32 Hand Cart
22:31 Bow Saw
22:23 Heavy Plow
23:01 Gold Shaft Mining
23:08 Stone Shaft Mining
36:56 Imperial Age
34:14 Town Watch
34:17 Loom
35:04 Caravan
36:03 Forging
35:54 Scale Mail Armor
36:03 Scale Barding Armor
35:50 Fletching
36:00 Padded Archer Armor
36:47 Grand Trunk Road
38:40 Ballistics
38:16 Murder Holes
38:32 Masonry
39:02 Iron Casting
38:48 Chain Barding Armor
38:43 Chain Mail Armor
39:59 Town Patrol
39:56 Bodkin Arrow
40:18 Leather Archer Armor
41:26 Bloodlines
41:19 Husbandry
40:41 Light Cavalry
41:19 Elite Ghulam
42:01 Shatagni
42:24 Conscription
42:41 Hoardings
43:43 Chemistry
42:49 Siege Engineers
43:48 Blast Furnace
43:24 Plate Barding Armor
42:21 Heavy Camel Rider
42:25 Hussar
44:16 Two-Man Saw
43:53 Bracer
46:04 Ring Archer Armor
45:51 Redemption
46:01 Sanctity
45:42 Devotion
46:17 Theocracy
45:38 Herbal Medicine
46:08 Illumination
45:54 Fervor
46:00 Block Printing
49:11 Fortified Wall
49:24 Faith
53:48 Coinage
52:53 Imperial Camel Rider
54:00 Siege Elephant
54:37 Onager
58:38 Crossbowman
59:23 Thumb Ring
58:39 Elite Skirmisher
58:39 Heavy Cavalry Archer
69:32 Banking
87:42 Guard Tower
88:03 Clinker Construction
88:03 Careening
PREDA_JUANK
0:41 Loom
17:40 Feudal Age
18:49 Double-Bit Axe
18:49 Horse Collar
22:00 Castle Age
34:04 Imperial Age
32:14 Wheelbarrow
33:53 Caravan
36:26 Citadels
36:42 Elite War Elephant
39:26 Chemistry
38:33 Gold Mining
38:37 Stone Mining
39:07 Bow Saw
41:40 Scale Barding Armor
42:39 Gold Shaft Mining
46:53 Chain Barding Armor
46:34 Scale Mail Armor
46:46 Forging
46:26 Fletching
46:37 Padded Archer Armor
47:18 Hand Cart
46:51 Town Watch
52:03 Heavy Scorpion
59:58 Elite Skirmisher
62:26 Bodkin Arrow
62:47 Leather Archer Armor
63:09 Plate Barding Armor
62:49 Chain Mail Armor
63:11 Iron Casting
88:50 Two-Man Saw
87:56 Town Patrol
97:13 Blast Furnace
96:43 Plate Mail Armor
96:44 Ring Archer Armor
98:38 Fervor
Jorjão
0:54 Loom
13:57 Feudal Age
16:19 Wheelbarrow
16:33 Gold Mining
16:42 Double-Bit Axe
19:22 Town Watch
22:03 Stone Mining
25:12 Castle Age
22:55 Horse Collar
28:55 Gold Shaft Mining
28:58 Stone Shaft Mining
30:28 Hand Cart
30:27 Heavy Plow
32:04 Town Patrol
37:11 Imperial Age
36:34 Ballistics
36:51 Padded Archer Armor
36:43 Fletching
38:35 Leather Archer Armor
38:15 Bodkin Arrow
39:08 Conscription
38:12 Elite Chu Ko Nu
39:41 Caravan
41:54 Chemistry
41:28 Ring Archer Armor
40:59 Bracer
43:22 Thumb Ring
43:36 Fortified Wall
43:37 Masonry
43:23 Murder Holes
43:33 Great Wall
43:55 Bow Saw
48:09 Rocketry
52:57 Two-Man Saw
56:11 Architecture
67:48 Pikeman
68:28 Squires
68:14 Arson
68:33 Scale Mail Armor
68:45 Forging
70:22 Chain Mail Armor
70:43 Iron Casting
69:31 Halberdier
TireurFou
4:03 Loom
12:32 Feudal Age
13:01 Double-Bit Axe
13:01 Horse Collar
15:48 Gold Mining
20:14 Castle Age
22:01 Bow Saw
23:09 Heavy Plow
27:02 Wheelbarrow
26:50 Stone Mining
30:05 Stone Shaft Mining
29:58 Ballistics
29:57 Fervor
30:05 Hand Cart
37:41 Imperial Age
34:56 Town Watch
36:10 Scale Barding Armor
37:01 Inquisition
37:21 Caravan
37:51 Coinage
38:08 Husbandry
38:19 Bloodlines
38:34 Chain Barding Armor
37:44 Elite Conquistador
38:45 Conscription
39:31 Chemistry
39:35 Two-Man Saw
42:03 Bombard Tower
41:55 Fortified Wall
41:36 Guard Tower
41:31 Arrowslits
43:32 Theocracy
43:15 Block Printing
43:28 Illumination
43:33 Sanctity
44:04 Banking
43:45 Guilds
45:09 Murder Holes
57:44 Devotion
57:41 Herbal Medicine
58:08 Heresy
64:15 Masonry
64:42 Plate Barding Armor
70:51 Cavalier
72:25 Paladin
76:30 Forging
78:34 Iron Casting
ElMatidroga2
0:34 Loom
12:43 Feudal Age
13:16 Double-Bit Axe
14:09 Wheelbarrow
16:45 Bloodlines
16:33 Gold Mining
22:49 Castle Age
22:49 Stone Mining
25:19 Bow Saw
25:05 Horse Collar
24:53 Light Cavalry
26:50 Scale Barding Armor
26:55 Forging
26:50 Scale Mail Armor
28:25 Town Watch
29:43 Gold Shaft Mining
30:44 Hand Cart
34:41 Chain Barding Armor
34:57 Iron Casting
41:43 Imperial Age
40:06 Town Patrol
40:32 Ballistics
41:28 Heavy Plow
43:51 Plate Barding Armor
44:16 Blast Furnace
43:41 Conscription
44:24 Crop Rotation
45:14 Caravan
45:28 Guilds
45:30 Squires
44:51 Man-at-Arms
46:03 Chain Mail Armor
45:41 Fletching
45:51 Padded Archer Armor
46:59 Comitatenses
47:21 Elite Centurion
48:36 Husbandry
50:27 Chemistry
49:35 Siege Engineers
52:59 Pikeman
52:59 Long Swordsman
54:25 Halberdier
55:26 Ballistas
54:47 Heavy Scorpion
55:15 Legionary
57:03 Onager
77:26 Elite Skirmisher
79:07 Leather Archer Armor
78:47 Bodkin Arrow
helllothere
0:27 Loom
15:08 Feudal Age
15:47 Double-Bit Axe
15:53 Horse Collar
17:22 Gold Mining
22:20 Stone Mining
27:19 Castle Age
25:19 Man-at-Arms
25:45 Arson
29:31 Bow Saw
29:59 Fortified Wall
32:25 Imperial Age
30:56 Gold Shaft Mining
30:29 Heavy Plow
30:36 Caravan
30:40 Long Swordsman
31:21 Squires
31:10 Treadmill Crane
31:26 Murder Holes
32:23 Wheelbarrow
33:30 Two-Handed Swordsman
34:32 Hand Cart
36:00 Two-Man Saw
36:18 Conscription
39:00 Artillery
40:13 Bombard Tower
40:56 Elite Janissary
41:50 Champion
44:11 Cavalier
45:12 Husbandry
45:52 Hoardings
52:52 Guilds
53:25 Bloodlines
✪Louis
0:36 Loom
14:49 Feudal Age
15:15 Double-Bit Axe
16:07 Wheelbarrow
15:18 Horse Collar
15:51 Town Watch
17:10 Stone Mining
17:10 Gold Mining
24:57 Bloodlines
30:43 Castle Age
31:12 Forging
31:04 Scale Mail Armor
31:47 Hand Cart
31:47 Caravan
31:54 Town Patrol
32:21 Scale Barding Armor
32:31 Bow Saw
35:25 Iron Casting
34:41 Fletching
39:32 Heavy Plow
40:36 Chain Barding Armor
41:17 Ballistics
41:08 Masonry
41:10 Fortified Wall
43:44 Imperial Age
44:07 Stone Shaft Mining
45:49 Blast Furnace
45:46 Chain Mail Armor
45:24 Treadmill Crane
46:57 Pikeman
47:38 Squires
47:26 Arson
47:31 Cavalier
48:16 Husbandry
47:37 Light Cavalry
50:35 Crop Rotation
51:47 Plate Mail Armor
54:17 Capped Ram
54:19 Onager
54:39 Onager
62:39 Winged Hussar
67:04 Bodkin Arrow
76:45 Lechitic Legacy
80:36 Szlachta Privileges
80:53 Conscription
Connection lost

Rejoining the realm…

Still unreachable

The connection could not be restored.

Session expired

The server has moved on; the page needs a fresh start.